TOP OF THE 1ST |
Northwest Arkansas Naturals batting - Pitching for Bowie Baysox : RHP Brent Widder
|
Pitching: RHP Brent Widder
|
|
Batting: SHB Ryoji Hiraoka
|
0-0: Ball 1-0: Ball 2-0: Called Strike 2-1: Ball 3-1: Swinging Strike 3-2: Foul Ball, location: 2F 3-2: Foul Ball, location: 2F 3-2: Strikes out swinging
|
Batting: RHB Kazuki Arai
|
0-0: Foul Ball, location: 2F 0-1: Swinging Strike 0-2: Strikes out looking
|
Batting: RHB Alex Cid
|
0-0: Ball 1-0: Ground out U3 (Groundball, 3, EV 100.0 MPH)
|
Top of the 1st over - 0 runs, 0 hits, 0 errors, 0 left on base; Northwest Arkansas 0 - Bowie 0 |
BOTTOM OF THE 1ST |
Bowie Baysox batting - Pitching for Northwest Arkansas Naturals : RHP Philip Terrell
|
Pitching: RHP Philip Terrell
|
|
Batting: LHB Tom Edwards
|
0-0: Called Strike 0-1: Fly out, F8 (Flyball, 8RXD, EV 108.1 MPH)
|
Batting: RHB Joe Young
|
0-0: Ground out U3 (Groundball, 34, EV 86.9 MPH)
|
Batting: RHB Muneer Maudad
|
0-0: Ball 1-0: Called Strike 1-1: Ball 2-1: DOUBLE (Flyball, 89XD, EV 93.8 MPH)
|
Batting: LHB Justin Moore
|
0-0: Called Strike 0-1: Swinging Strike 0-2: Strikes out looking
|
Bottom of the 1st over - 0 runs, 1 hit, 0 errors, 1 left on base; Northwest Arkansas 0 - Bowie 0 |
TOP OF THE 2ND |
Northwest Arkansas Naturals batting - Pitching for Bowie Baysox : RHP Brent Widder
|
Batting: RHB Kevin Wimberly
|
0-0: Foul Ball, location: 2F 0-1: Ground out 6-3 (Groundball, 56, EV 85.6 MPH)
|
Batting: RHB Andy Urquhart
|
0-0: Fly out, F4 (Popup, 4, EV 63.1 MPH)
|
Batting: RHB Edwin Ramos
|
0-0: Ground out 6-3 (Groundball, 6, EV 82.5 MPH)
|
Top of the 2nd over - 0 runs, 0 hits, 0 errors, 0 left on base; Northwest Arkansas 0 - Bowie 0 |
BOTTOM OF THE 2ND |
Bowie Baysox batting - Pitching for Northwest Arkansas Naturals : RHP Philip Terrell
|
Batting: RHB Travis Leonard
|
0-0: Ball 1-0: TRIPLE (Flyball, 9LD, EV 106.9 MPH)
|
Batting: LHB Andrew Erens
|
0-0: Foul Ball, location: 2F 0-1: Ball 1-1: Ground out 6-3 (Groundball, 6, EV 80.0 MPH) Travis Leonard scores
|
Batting: RHB John Gray
|
0-0: Called Strike 0-1: Swinging Strike 0-2: Foul Ball, location: 2F 0-2: Ball 1-2: SINGLE (Groundball, 34D, EV 103.1 MPH)
|
Batting: RHB Jeremy Sipe
|
0-0: SINGLE (Line Drive, 7S, EV 93.8 MPH) John Gray to second
|
Batting: RHB Ray Sims
|
0-0: Fielders Choice at 2nd, 3-6 (Groundball, 34, EV 81.9 MPH) John Gray to third
|
Batting: LHB Tom Edwards
|
0-0: Called Strike 0-1: Ball 1-1: Ground out 4-3 (Groundball, 4, EV 80.0 MPH)
|
Bottom of the 2nd over - 1 run, 3 hits, 0 errors, 2 left on base; Northwest Arkansas 0 - Bowie 1 |
TOP OF THE 3RD |
Northwest Arkansas Naturals batting - Pitching for Bowie Baysox : RHP Brent Widder
|
Batting: RHB William Lung
|
0-0: Ball 1-0: Ground out 4-3 (Groundball, 4, EV 108.1 MPH)
|
Batting: RHB Eric Erickson
|
0-0: Foul Ball, location: 2F 0-1: Foul Ball, location: 2F 0-2: Foul Ball, location: 2F 0-2: Ball 1-2: Strikes out swinging
|
Batting: SHB Danny Ballenger
|
0-0: Ground out U3 (Groundball, 34D, EV 108.1 MPH)
|
Top of the 3rd over - 0 runs, 0 hits, 0 errors, 0 left on base; Northwest Arkansas 0 - Bowie 1 |
BOTTOM OF THE 3RD |
Bowie Baysox batting - Pitching for Northwest Arkansas Naturals : RHP Philip Terrell
|
Batting: RHB Joe Young
|
0-0: Swinging Strike 0-1: SINGLE (Flyball, 8RS, EV 95.0 MPH)
|
Batting: RHB Muneer Maudad
|
0-0: Ball Joe Young is caught stealing 2nd base 2-4 1-0: Swinging Strike 1-1: Ball 2-1: Foul Ball, location: 2F 2-2: Ball 3-2: Ground out 5-3 (Groundball, 56S, EV 85.0 MPH)
|
Batting: LHB Justin Moore
|
0-0: Ball 1-0: Foul Ball, location: 2F 1-1: Fly out, F7 (Flyball, 7LS, EV 91.9 MPH)
|
Bottom of the 3rd over - 0 runs, 1 hit, 0 errors, 0 left on base; Northwest Arkansas 0 - Bowie 1 |
TOP OF THE 4TH |
Northwest Arkansas Naturals batting - Pitching for Bowie Baysox : RHP Brent Widder
|
Batting: SHB Ryoji Hiraoka
|
0-0: Foul Ball, location: 2F 0-1: Swinging Strike 0-2: Ball 1-2: Strikes out swinging
|
Batting: RHB Kazuki Arai
|
0-0: Ball 1-0: Swinging Strike 1-1: Called Strike 1-2: Ball 2-2: Strikes out swinging
|
Batting: RHB Alex Cid
|
0-0: Called Strike 0-1: Ball 1-1: Foul Ball, location: 2F 1-2: Strikes out swinging
|
Top of the 4th over - 0 runs, 0 hits, 0 errors, 0 left on base; Northwest Arkansas 0 - Bowie 1 |
BOTTOM OF THE 4TH |
Bowie Baysox batting - Pitching for Northwest Arkansas Naturals : RHP Philip Terrell
|
Batting: RHB Travis Leonard
|
0-0: Ball 1-0: Foul Ball, location: 2F 1-1: Fly out, F3 (Line Drive, 3, EV 68.8 MPH)
|
Batting: LHB Andrew Erens
|
0-0: Ball 1-0: Foul Ball, location: 2F 1-1: Ball 2-1: Fly out, F9 (Flyball, 9, EV 90.0 MPH)
|
Batting: RHB John Gray
|
0-0: Ball 1-0: Foul Ball, location: 2F 1-1: Ground out U3 (Groundball, 34, EV 91.9 MPH)
|
Bottom of the 4th over - 0 runs, 0 hits, 0 errors, 0 left on base; Northwest Arkansas 0 - Bowie 1 |
TOP OF THE 5TH |
Northwest Arkansas Naturals batting - Pitching for Bowie Baysox : RHP Brent Widder
|
Batting: RHB Kevin Wimberly
|
0-0: Called Strike 0-1: Ball 1-1: SINGLE (Line Drive, 56, EV 96.9 MPH)
|
Batting: RHB Andy Urquhart
|
0-0: Ball 1-0: SINGLE (Line Drive, 9S, EV 106.9 MPH) Kevin Wimberly to second
|
Batting: RHB Edwin Ramos
|
0-0: Ball 1-0: Ball 2-0: Fielders Choice at 2nd, 6-4 (Groundball, 6, EV 83.1 MPH) Kevin Wimberly to third
|
Batting: RHB William Lung
|
Pickoff Throw to First - Error! E1 Kevin Wimberly scores Edwin Ramos to second 0-0: Called Strike 0-1: Hit by Pitch
|
Batting: RHB Eric Erickson
|
0-0: Swinging Strike 0-1: Called Strike 0-2: Ball 1-2: DOUBLE (Line Drive, 89D, EV 106.2 MPH) Edwin Ramos scores William Lung to third
|
Batting: SHB Danny Ballenger
|
0-0: Fly out, F8 (Flyball, 89D, EV 103.1 MPH) Runner from 3rd tags up, SCORES, throw by CF Eric Erickson to third
|
Batting: SHB Ryoji Hiraoka
|
0-0: Called Strike 0-1: Foul Ball, location: 2F 0-2: SINGLE (Groundball, 25, EV 66.9 MPH) (infield hit) Eric Erickson scores
|
Batting: RHB Kazuki Arai
|
0-0: Called Strike 0-1: Swinging Strike 0-2: Foul Ball, location: 2F 0-2: Ball 1-2: Foul Ball, location: 2F 1-2: Ball Wild Pitch! Ryoji Hiraoka to second 2-2: SINGLE (Groundball, 5, EV 108.8 MPH) Ryoji Hiraoka to third Runner from 3rd tries for Home, SAFE, throw by LF to home
|
Pitching: RHP Angel Gonzales
|
|
Batting: RHB Alex Cid
|
0-0: Ball 1-0: Foul Ball, location: 2F 1-1: Ball Wild Pitch! Kazuki Arai to second 2-1: Swinging Strike 2-2: Strikes out swinging
|
Top of the 5th over - 5 runs, 5 hits, 1 error, 1 left on base; Northwest Arkansas 5 - Bowie 1 |
BOTTOM OF THE 5TH |
Bowie Baysox batting - Pitching for Northwest Arkansas Naturals : RHP Philip Terrell
|
Batting: RHB Jeremy Sipe
|
0-0: Called Strike 0-1: Ground out 6-3 (Groundball, 6S, EV 83.8 MPH)
|
Batting: RHB Ray Sims
|
0-0: Foul Ball, location: 2F 0-1: Called Strike 0-2: Ball 1-2: Ball 2-2: Strikes out swinging
|
Batting: LHB Tom Edwards
|
0-0: Ball 1-0: Called Strike 1-1: Swinging Strike 1-2: Foul Ball, location: 2F 1-2: Ball 2-2: Foul Ball, location: 2F 2-2: Ball 3-2: Foul Ball, location: 2F 3-2: Ground out 4-3 (Groundball, 34, EV 102.5 MPH)
|
Bottom of the 5th over - 0 runs, 0 hits, 0 errors, 0 left on base; Northwest Arkansas 5 - Bowie 1 |
TOP OF THE 6TH |
Northwest Arkansas Naturals batting - Pitching for Bowie Baysox : RHP Angel Gonzales
|
Batting: RHB Kevin Wimberly
|
0-0: Ball 1-0: Foul Ball, location: 2F 1-1: Swinging Strike 1-2: SINGLE (Line Drive, 4M, EV 98.8 MPH)
|
Batting: RHB Andy Urquhart
|
0-0: Ball Kevin Wimberly steals 2nd base 1-0: Called Strike 1-1: Ground out 6-3 (Groundball, 6, EV 105.0 MPH)
|
Batting: RHB Edwin Ramos
|
0-0: Ball 1-0: Ball Kevin Wimberly steals 3rd base 2-0: Called Strike 2-1: Foul Ball, location: 2F 2-2: Strikes out swinging
|
Batting: RHB William Lung
|
0-0: Foul Ball, location: 2F 0-1: Called Strike 0-2: Ball 1-2: Ball 2-2: Ball 3-2: Strikes out swinging
|
Top of the 6th over - 0 runs, 1 hit, 0 errors, 1 left on base; Northwest Arkansas 5 - Bowie 1 |
BOTTOM OF THE 6TH |
Bowie Baysox batting - Pitching for Northwest Arkansas Naturals : RHP Philip Terrell
|
Batting: RHB Joe Young
|
0-0: Swinging Strike 0-1: Fly out, F7 (Line Drive, 7D, EV 88.8 MPH)
|
Batting: RHB Muneer Maudad
|
0-0: Ball 1-0: Foul Ball, location: 2F 1-1: Ball 2-1: Ground out 6-3 (Groundball, 6, EV 87.5 MPH)
|
Batting: LHB Justin Moore
|
0-0: Ball 1-0: Foul Ball, location: 2F 1-1: DOUBLE (Flyball, 78XD, EV 105.6 MPH)
|
Batting: RHB Travis Leonard
|
0-0: Called Strike 0-1: Ball 1-1: SINGLE (Groundball, 6S, EV 75.6 MPH) (infield hit) Justin Moore to third
|
Pitching: RHP Mike Tuck
|
|
Batting: LHB Andrew Erens
|
0-0: Ground out 6-3 (Groundball, 6M, EV 101.9 MPH)
|
Bottom of the 6th over - 0 runs, 2 hits, 0 errors, 2 left on base; Northwest Arkansas 5 - Bowie 1 |
TOP OF THE 7TH |
Northwest Arkansas Naturals batting - Pitching for Bowie Baysox : RHP Angel Gonzales
|
Batting: RHB Eric Erickson
|
0-0: Ball 1-0: Foul Ball, location: 2F 1-1: Ball 2-1: Foul Ball, location: 2F 2-2: Strikes out swinging
|
Batting: SHB Danny Ballenger
|
0-0: Ball 1-0: Ball 2-0: Ball 3-0: Called Strike 3-1: Foul Ball, location: 2F 3-2: Ground out 4-3 (Groundball, 34, EV 102.5 MPH)
|
Batting: SHB Ryoji Hiraoka
|
0-0: Fly out, F5 (Popup, 5F, EV 53.8 MPH)
|
Top of the 7th over - 0 runs, 0 hits, 0 errors, 0 left on base; Northwest Arkansas 5 - Bowie 1 |
BOTTOM OF THE 7TH |
Bowie Baysox batting - Pitching for Northwest Arkansas Naturals : RHP Mike Tuck
|
Batting: RHB John Gray
|
0-0: Ball 1-0: Ball 2-0: Swinging Strike 2-1: Ground out U3 (Groundball, 34S, EV 88.8 MPH)
|
Batting: RHB Jeremy Sipe
|
0-0: Ball 1-0: Called Strike 1-1: Foul Ball, location: 2F 1-2: Ground out 4-3 (Groundball, 4, EV 82.5 MPH)
|
Batting: RHB Ray Sims
|
0-0: Swinging Strike 0-1: Called Strike 0-2: Ball 1-2: Ball 2-2: Ground out 4-3 (Groundball, 4, EV 85.6 MPH)
|
Bottom of the 7th over - 0 runs, 0 hits, 0 errors, 0 left on base; Northwest Arkansas 5 - Bowie 1 |
TOP OF THE 8TH |
Northwest Arkansas Naturals batting - Pitching for Bowie Baysox : RHP Angel Gonzales
|
Pitching: LHP John Dyer
|
|
Batting: RHB Kazuki Arai
|
0-0: Fly out, F8 (Flyball, 8RS, EV 78.1 MPH)
|
Batting: RHB Alex Cid
|
0-0: Swinging Strike 0-1: Ball 1-1: Foul Ball, location: 2F 1-2: Strikes out swinging
|
Batting: RHB Kevin Wimberly
|
0-0: Called Strike 0-1: Ball 1-1: Called Strike 1-2: Ball 2-2: Ball 3-2: Ground out 6-3 (Groundball, 6, EV 105.6 MPH)
|
Top of the 8th over - 0 runs, 0 hits, 0 errors, 0 left on base; Northwest Arkansas 5 - Bowie 1 |
BOTTOM OF THE 8TH |
Bowie Baysox batting - Pitching for Northwest Arkansas Naturals : RHP Mike Tuck
|
Batting: LHB Tom Edwards
|
0-0: Called Strike 0-1: Ball 1-1: DOUBLE (Flyball, 9D, EV 105.0 MPH)
|
Batting: RHB Joe Young
|
0-0: Foul Ball, location: 2F 0-1: Foul Ball, location: 2F 0-2: Strikes out swinging, 2-3 out at first.
|
Batting: RHB Muneer Maudad
|
0-0: Ball 1-0: Ball 2-0: Ball 3-0: Called Strike 3-1: Base on Balls
|
Batting: LHB Justin Moore
|
0-0: Ball 1-0: Foul Ball, location: 2F 1-1: Foul Ball, location: 2F 1-2: Foul Ball, location: 2F 1-2: Ball 2-2: Foul Ball, location: 2F 2-2: Foul Ball, location: 2F 2-2: Foul Ball, location: 2F 2-2: Strikes out looking
|
Batting: RHB Travis Leonard
|
0-0: Ball 1-0: Called Strike 1-1: Swinging Strike 1-2: Ball 2-2: Foul Ball, location: 2F 2-2: Fly out, F8 (Line Drive, 8RD, EV 89.4 MPH)
|
Bottom of the 8th over - 0 runs, 1 hit, 0 errors, 2 left on base; Northwest Arkansas 5 - Bowie 1 |
TOP OF THE 9TH |
Northwest Arkansas Naturals batting - Pitching for Bowie Baysox : LHP John Dyer
|
Batting: RHB Andy Urquhart
|
0-0: Ball 1-0: Ball 2-0: DOUBLE (Groundball, 5L, EV 105.6 MPH)
|
Batting: RHB Edwin Ramos
|
0-0: Ball 1-0: Ball 2-0: Ball 3-0: Base on Balls
|
Batting: RHB William Lung
|
0-0: Called Strike 0-1: Called Strike 0-2: Fielders Choice at 2nd, 4-6 (Groundball, 4, EV 87.5 MPH) Andy Urquhart to third
|
Batting: RHB Eric Erickson
|
0-0: DOUBLE (Line Drive, 89D, EV 102.5 MPH) Andy Urquhart scores William Lung to third Runner from 3rd tries for Home, SAFE, throw by CF to home
|
Batting: SHB Danny Ballenger
|
0-0: Called Strike 0-1: Ball 1-1: Foul Ball, location: 2F 1-2: Foul Ball, location: 2F 1-2: Ball 2-2: Ball 3-2: Strikes out looking
|
Batting: SHB Ryoji Hiraoka
|
0-0: Ball 1-0: Swinging Strike 1-1: Ball 2-1: Foul Ball, location: 2F 2-2: Ball 3-2: Strikes out looking
|
Top of the 9th over - 2 runs, 2 hits, 0 errors, 1 left on base; Northwest Arkansas 7 - Bowie 1 |
BOTTOM OF THE 9TH |
Bowie Baysox batting - Pitching for Northwest Arkansas Naturals : RHP Mike Tuck
|
Batting: LHB Andrew Erens
|
0-0: Swinging Strike 0-1: Foul Ball, location: 2F 0-2: Ball 1-2: Foul Ball, location: 2F 1-2: Ball 2-2: Foul Ball, location: 2F 2-2: Foul Ball, location: 2F 2-2: Foul Ball, location: 2F 2-2: Ball 3-2: Base on Balls
|
Pitching: RHP Junsuke Abe
|
|
Batting: RHB John Gray
|
0-0: Ball 1-0: Fly out, F8 (Line Drive, 8LM, EV 85.0 MPH)
|
Batting: RHB Jeremy Sipe
|
0-0: Ball 1-0: Fly out, F8 (Line Drive, 8RD, EV 95.0 MPH)
|
Batting: RHB Ray Sims
|
0-0: Called Strike 0-1: Swinging Strike 0-2: SINGLE (Line Drive, 4D, EV 96.2 MPH) Andrew Erens to second
|
Batting: LHB Tom Edwards
|
0-0: Called Strike 0-1: Foul Ball, location: 2F 0-2: DOUBLE (Line Drive, 3D, EV 96.2 MPH) Andrew Erens scores Ray Sims to third
|
Batting: RHB Joe Young
|
0-0: Ground out 6-3 (Groundball, 6, EV 85.6 MPH)
|
Bottom of the 9th over - 1 run, 2 hits, 0 errors, 2 left on base; Northwest Arkansas 7 - Bowie 2 |
|